 Dungeon Crawl Stone Soup version 0.17-a0-737-gf0a300a (webtiles) character file.

427 Ngotmuk the Chopper (level 6, -1/58 HPs)
             Began as a Deep Dwarf Fighter on Apr 28, 2015.
             Slain by Chiseanne's ghost (6 damage)
             ... on level 4 of the Dungeon.
             The game lasted 00:04:03 (1699 turns).

Ngotmuk the Chopper (Deep Dwarf Fighter)            Turns: 1699, Time: 00:04:04

Health: -1/58      AC:  7    Str: 21    XL:     6   Next: 65%
Magic:  6/6        EV:  8    Int:  9    God:
Gold:   41         SH:  9    Dex: 12    Spells: 0 memorised, 5 levels left

rFire  . . .     SeeInvis .     a - +0 war axe
rCold  . . .     Clarity  .     b - +0 scale mail
rNeg   . . .     SustAb   .     c - +0 shield
rPois  .         Gourm    .     (no helmet)
rElec  .         Spirit   .     (no cloak)
rCorr  .         Warding  .     (no gloves)
rMut   .         Stasis   .     (no boots)
MR     .....                    (no amulet)
Stlth  ..........               (no ring)
                                (no ring)

@: non-regenerating, not resistant to hostile enchantments, extremely unstealthy
A: damage resistance, recharge devices, sense surroundings 1, slow healing 3
a: Device Recharging


You were on level 4 of the Dungeon.
You were not hungry.

You visited 1 branch of the dungeon, and saw 4 of its levels.

You collected 41 gold pieces.

Inventory:

Hand weapons
 a - a +0 war axe (weapon)
Armour
 b - a +0 scale mail (worn)
 c - a +0 shield (worn)
Magical devices
 e - a wand of heal wounds (2)
 l - a wand of magic darts (29)
 q - a wand of slowing (5)
Scrolls
 h - a scroll of fog {unknown}
 k - 2 scrolls of identify {unknown}
 o - a scroll of magic mapping {unknown}
 p - a scroll of teleportation {unknown}
Potions
 d - a potion of might
 g - 2 potions of heal wounds {unknown}
 i - 3 potions of curing {unknown}
 j - 3 potions of brilliance {unknown}
 m - a potion of invisibility {unknown}
Comestibles
 n - a meat ration


   Skills:
 * Level 4.3 Fighting
 * Level 4.5 Axes
 + Level 4.4 Armour
 + Level 2.3 Dodging
 + Level 4.2 Shields


You had 5 spell levels left.
You didn't know any spells.

Dungeon Overview and Level Annotations

Branches:
Dungeon (4/15)
 Temple: D:4-7

Altars:
Okawaru

Annotations:
D:4 Chiseanne's ghost, average OpTm


Innate Abilities, Weirdness & Mutations

You are resistant to damage.
You can recharge devices by infusing magical energy.
You passively map a small area around you.
You do not heal naturally.


Message History

Chiseanne's ghost is lightly damaged.
Chiseanne's ghost hits you.
* * * LOW HITPOINT WARNING * * *
Chiseanne's ghost hits you!
* * * LOW HITPOINT WARNING * * *
You closely miss Chiseanne's ghost.
Chiseanne's ghost is lightly damaged.
You block Chiseanne's ghost's attack.
You completely miss Chiseanne's ghost.
Chiseanne's ghost is lightly damaged.
Chiseanne's ghost hits you.
* * * LOW HITPOINT WARNING * * *
Chiseanne's ghost hits you.
You miss Chiseanne's ghost.
Chiseanne's ghost is lightly damaged.
Chiseanne's ghost closely misses you.
You slash Chiseanne's ghost!
Chiseanne's ghost is moderately damaged.
Chiseanne's ghost hits you!
You die...

, #%. #.#*
#.# * #.# ,
* #.# , ,
#)###### *
####........
* #..<.# *
#.##@# ..
*#W# , ...
,.o# *###
####


You could see Chiseanne's ghost and an orc.

Vanquished Creatures
  Sigmund (D:3)
  A giant frog (D:3)
  An orc priest (D:3)
  Ijyb (D:3)
  A worker ant zombie (D:3)
  4 adders
  4 oozes
  A worm (D:1)
  2 giant geckos
  10 orcs (D:3)
  A ball python (D:2)
  5 bats
  6 giant cockroaches
  9 hobgoblins
  7 kobolds
  5 giant newts
  6 goblins
  6 jackals (D:1)
  A quokka (D:2)
  5 rats
77 creatures vanquished.

Notes
Turn   | Place    | Note
--------------------------------------------------------------
     0 | D:1      | Ngotmuk, the Deep Dwarf Fighter, began the quest for the Orb.
     0 | D:1      | Reached XP level 1. HP: 20/20 MP: 1/1
    87 | D:1      | Reached XP level 2. HP: 21/28 MP: 2/2
   272 | D:1      | Reached XP level 3. HP: 13/34 MP: 3/3
   805 | D:2      | Reached XP level 4. HP: 39/42 MP: 4/4
  1106 | D:3      | Noticed a giant frog
  1116 | D:3      | Killed a giant frog
  1116 | D:3      | Reached skill level 4 in Armour
  1116 | D:3      | Reached skill level 1 in Dodging
  1116 | D:3      | Reached XP level 5. HP: 32/50 MP: 5/5
  1142 | D:3      | Noticed Sigmund
  1153 | D:3      | Killed Sigmund
  1153 | D:3      | Reached XP level 6. HP: 33/57 MP: 6/6
  1399 | D:3      | Found an iron altar of Okawaru.
  1400 | D:3      | Noticed Ijyb
  1414 | D:3      | Killed Ijyb
  1691 | D:4      | Noticed Chiseanne's ghost (average OpTm)
  1699 | D:4      | Slain by Chiseanne's ghost

Action                   |  1- 3 |  4- 6 || total
-------------------------+-------+-------++-------
Melee: War axe           |   127 |   126 ||   253
Evoke: Wand              |     1 |     2 ||     3
  Eat: Pizza             |       |     1 ||     1
       Bread ration      |       |     1 ||     1
